 Dungeon Crawl Stone Soup version 0.27-a0-1158-gaa87e14f67 (webtiles) character file.

Game seed: 1614792122170170119

28924 jasper the Summoner (level 13, -8/88 HPs)
             Began as a Tengu Summoner on May 15, 2021.
             Was a High Priest of Ashenzari.
             Splashed by an oklob plant's acid (12 damage)
             ... on level 6 of the Lair of Beasts.
             The game lasted 00:48:14 (24871 turns).

jasper the Summoner (Tengu Summoner)               Turns: 24871, Time: 00:48:15

Health: -8/88      AC:  6    Str: 11    XL:     13   Next: 42%
Magic:  32/32      EV: 20    Int: 31    God:    Ashenzari [*****.]
Gold:   563        SH: 11    Dex: 18    Spells: 0/40 levels left

rFire    . . .     SeeInvis +   R - +8 trident of Panopticon {holy, Int+6, Alch, Comp} (curse)
rCold    . . .     Faith    .   N - +0 buckler "Restrained Activism" {Self, Fort} (curse)
rNeg     . . .     Spirit   .   K - +3 troll leather armour of Ashenzari's Malaise {Regen+, Snorg, Comp, Melee} (curse)
rPois    .         Reflect  +   d - +0 hat "Ordeal of Ashenzari" {Fort, Elem} (curse)
rElec    .         Harm     .   b - +0 cloak "Portent of the Welkin" {Self, Alch} (curse)
rCorr    .         Rampage  .   T - +0 pair of gloves "Dogma of Ashenzari" {Range, Self} (curse)
Will     +....     Clarity  +   (boots unavailable)
Stlth    ++........             O - amulet of Cremastomancy {Reflect SH+5, Elem, Bglg} (curse)
HPRegen  1.24/turn              Y - ring "Haseh" {Wiz Will+ Dex+4}
MPRegen  0.23/turn              m - ring "Oblivion of Ashenzari" {Int+6, Comp, Evo} (curse)

@: corroded, flying quickly and evasively, quick
A: beak, talons 3, nimble flight
a: Renounce Religion, Shatter the Chains


You were on level 6 of the Lair of Beasts.
You worshipped Ashenzari.
Ashenzari was extremely pleased with you.
You visited 3 branches of the dungeon, and saw 18 of its levels.
You also visited: Bailey and Gauntlet.

You collected 2498 gold pieces.
You spent 1935 gold pieces at shops.

Inventory:

Hand Weapons
 R - the cursed +8 trident of Panopticon (weapon) {holy, Int+6, Alch, Comp}
   (You found it in a bailey)

   It has been blessed by the Shining One to cause great damage to the undead
   and demons.
   It affects your intelligence (+6).
   It has a curse which improves the following skills: Alchemy: Poison Magic and
   Transmutations.
   Companions: Summonings and Necromancy.
Missiles
 c - 768 stones
 j - 12 javelins
 r - 74 boomerangs
 I - 2 throwing nets
 M - a curare-tipped dart
Armour
 b - the cursed +0 cloak "Portent of the Welkin" (worn) {Self, Alch}
   (You found it on level 2 of the Lair of Beasts)

   It has a curse which improves the following skills: Introspection: Fighting
   and Spellcasting.
   Alchemy:   Poison Magic and Transmutations.
 d - the cursed +0 hat "Ordeal of Ashenzari" (worn) {Fort, Elem}
   (You found it on level 7 of the Dungeon)

   It has a curse which improves the following skills: Fortitude: Armour and
   Shields.
   Elements:  Fire Magic, Ice Magic, Air Magic and Earth Magic.
 o - a +2 robe of positive energy
 K - the cursed +3 troll leather armour of Ashenzari's Malaise (worn) {Regen+, Snorg, Comp, Melee}
   (You found it on level 10 of the Dungeon)

   It increases your rate of health regeneration.
   It has a curse which improves the following skills: Companions: Summonings
   and Necromancy.
   Melee Combat: Short Blades, Long Blades, Axes, Maces & Flails, Polearms,
   Staves and Unarmed Combat.
 N - the cursed +0 buckler "Restrained Activism" (worn) {Self, Fort}
   (You found it on level 10 of the Dungeon)

   It has a curse which improves the following skills: Introspection: Fighting
   and Spellcasting.
   Fortitude: Armour and Shields.
 T - the cursed +0 pair of gloves "Dogma of Ashenzari" (worn) {Range, Self}
   (You bought it in a shop on level 3 of the Dungeon)

   It has a curse which improves the following skills: Ranged Combat: Slings,
   Bows, Crossbows and Throwing.
   Introspection: Fighting and Spellcasting.
 X - the +0 hat of Indemnity {-Tele Rampage rElec Dex+7}
   (You found it in a Gauntlet)

   It affects your dexterity (+7).
   It insulates you from electricity.
   It prevents most forms of teleportation.
   It bestows one free step when moving towards enemies.
Jewellery
 m - the cursed ring "Oblivion of Ashenzari" (right hand) {Int+6, Comp, Evo}
   (You bought it in a shop on level 10 of the Dungeon)

   [ring of intelligence]

   It affects your intelligence (+6).
   It has a curse which improves the following skills: Companions: Summonings
   and Necromancy.
   Evocations: Evocations.
 O - the cursed amulet of Cremastomancy (around neck) {Reflect SH+5, Elem, Bglg}
   (You bought it in a shop on level 10 of the Dungeon)

   [amulet of reflection]

   It reflects blocked missile attacks.
   It affects your SH (+5).
   It has a curse which improves the following skills: Elements: Fire Magic, Ice
   Magic, Air Magic and Earth Magic.
   Beguiling: Conjurations, Hexes and Translocations.
 Y - the ring "Haseh" (left hand) {Wiz Will+ Dex+4}
   (You found it in a Gauntlet)

   [ring of wizardry]

   It improves your spell success rate.
   It affects your dexterity (+4).
   It increases your willpower.
Wands
 f - a wand of flame (6)
 g - a wand of mindburst (39)
 D - a wand of polymorph (13)
 G - a wand of digging (9)
 J - a wand of charming (8)
 L - a wand of iceblast (36)
 U - a wand of paralysis (17)
 Z - a wand of acid (18)
Scrolls
 a - a scroll of summoning
 n - 13 scrolls of teleportation
 q - 16 scrolls of identify
 w - a scroll of vulnerability
 E - 3 scrolls of immolation
 F - 4 scrolls of magic mapping
 H - a scroll of enchant weapon
 P - 3 scrolls of blinking
 S - a scroll of holy word
 V - a scroll of fear
 W - a scroll of brand weapon
Potions
 e - 3 potions of lignification
 k - 6 potions of attraction
 l - 2 potions of resistance
 s - a potion of cancellation
 t - a potion of haste
 u - 2 potions of magic
 v - 6 potions of brilliance
 x - 3 potions of berserk rage
 y - a potion of heal wounds
 z - a potion of mutation
 B - 3 potions of degeneration
 Q - a potion of curing


   Skills:
 - Level 8.4(13.5) Fighting
 - Level 1.9(4.8) Armour
 - Level 9.6 Dodging
 - Level 2.0 Stealth
 - Level 1.9(4.8) Shields
 - Level 9.1(14.1) Spellcasting
 - Level 14.0(18.7) Summonings
 - Level 7.5(10.2) Translocations
 + Level 3.4(7.0) Transmutations
 - Level 3.0(6.4) Ice Magic
 + Level 3.1(6.5) Earth Magic


You couldn't memorise any spells.
You knew the following spells:

 Your Spells              Type           Power      Damage    Failure   Level
a - Summon Small Mammal   Summ           100%       N/A       0%          1
b - Call Imp              Summ           95%        N/A       0%          2
c - Summon Guardian Gole  Hex/Summ       69%        N/A       1%          3
d - Summon Ice Beast      Ice/Summ       79%        N/A       1%          4
e - Dispersal             Tloc           35%        N/A       2%          6
f - Summon Hydra          Summ           47%        N/A       1%          7
g - Passage of Golubria   Tloc           N/A        N/A       1%          4
h - Malign Gateway        Summ/Tloc      42%        N/A       2%          7
i - Statue Form           Tmut/Erth      39%        N/A       11%         6

Your spell library contained the following spells:

 Spells                   Type           Power      Damage    Failure   Level
 Call Canine Familiar     Summ           95%        N/A       0%          3
 Corona                   Hex            26%        N/A       1%          1
 Foxfire                  Conj/Fire      96%        2x1d8     1%          1
 Corpse Rot               Necr/Air       N/A        N/A       1%          2
 Ensorcelled Hibernation  Hex/Ice        84%        N/A       1%          2
 Gell's Gravitas          Tloc           35%        N/A       1%          3
 Ignite Poison            Fire/Tmut/Pois 38%        N/A       1%          3
 Portal Projectile        Hex/Tloc       100%       N/A       1%          3
 Spider Form              Tmut/Pois      22%        N/A       1%          3
 Stone Arrow              Conj/Erth      86%        3d12      1%          3
 Animate Armour           Summ/Erth      100%       N/A       1%          4
 Summon Lightning Spire   Summ/Air       69%        N/A       1%          4
 Hydra Form               Tmut           30%        N/A       1%          5
 Summon Forest            Summ/Tloc      42%        N/A       1%          5
 Confusing Touch          Hex            24%        N/A       2%          3
 Conjure Flame            Conj/Fire      24%        6-21      2%          3
 Dazzling Flash           Conj/Hex       48%        N/A       2%          3
 Inner Flame              Hex/Fire       24%        N/A       2%          3
 Tukima's Dance           Hex            24%        N/A       2%          3
 Leda's Liquefaction      Hex/Erth       21%        N/A       2%          4
 Sticky Flame             Conj/Fire      24%        2d5       9%          4
 Bolt of Magma            Conj/Fire/Erth 18%        4d10      11%         5
 Fireball                 Conj/Fire      12%        3d7       24%         5
 Lightning Bolt           Conj/Air       12%        1d25      24%         5
 Eringya's Noxious Bog    Tmut/Pois      22%        N/A       32%         6
 Iron Shot                Conj/Erth      21%        9d5       36%         6
 Dragon's Call            Summ           47%        N/A       43%         9
 Starburst                Conj/Fire      12%        8x6d5     77%         6
 Ignition                 Fire           12%        3d6       100%        8
 Shatter                  Erth           29%        3d24*     100%        9


Dungeon Overview and Level Annotations

Branches:
Dungeon (11/15)            Temple (1/1) D:7            Lair (6/6) D:8
 Shoals (0/4) Lair:4       Spider (0/4) Lair:3        Slime (0/5) Lair:6
    Orc (0/2) D:9          Bailey (visited)         Gauntlet (visited)

Altars:
Ashenzari
Cheibriados
Dithmenos
Elyvilon
Fedhas
Gozag
Hepliaklqana
Kikubaaqudgha
Makhleb
Nemelex Xobeh
Okawaru
Qazlal
Ru
Sif Muna
Trog
Uskayaw
Vehumet
Wu Jian
Xom
Yredelemnul
Zin
The Shining One

Shops:
D:3 *   D:6 :   D:10 =

Annotations:
D:7 2 transporters, Sobieck's ghost, novice DjFE
Lair:2 exclusion: oklob plant
Lair:6 exclusion: 3 oklob plants


Innate Abilities, Weirdness & Mutations

You have a beak for a mouth.
You have claws for feet.
Your magical nature lets you fly swiftly and evasively.


Message History

Your five-headed hydra closely misses the polar bear.
The polar bear bites your five-headed hydra.
The polar bear claws your five-headed hydra. x2
You puncture the polar bear!
The polar bear is severely wounded.
Your five-headed hydra closely misses the polar bear.
Your five-headed hydra barely misses the polar bear.
Your five-headed hydra bites the polar bear!
The polar bear dies!
Your five-headed hydra disappears in a puff of smoke!
Found a +0 trident.
MP restored: 32 You sense a monster nearby. 2 oklob plants come into view.
The oklob plant spits acid at you. The splash of acid hits you!
The acid corrodes you!
You are splashed with acid!
Marking area around 2 oklob plants as unsafe for travelling.
You take 27 damage, and have 61/88 hp.
MASSIVE DAMAGE!!
The oklob plant spits acid at you.
The splash of acid hits you but does no damage.
You are splashed with acid!
You take 10 damage, and have 51/88 hp.
An oklob plant comes into view.
The oklob plant spits acid at you. The splash of acid hits you.
You are splashed with acid!
Marking area around an oklob plant as unsafe for travelling.
Found a staircase to the Slime Pits.
You see here a scroll of teleportation.
You take 14 damage, and have 37/88 hp.
n - 13 scrolls of teleportation (gained 1)
The oklob plant spits acid at you. The splash of acid hits you!
* * * LOW HITPOINT WARNING * * *
You are splashed with acid!
* * * LOW HITPOINT WARNING * * *
The oklob plant spits acid at you. The splash of acid hits you.
* * * LOW HITPOINT WARNING * * *
You are splashed with acid!
You die...

................. .... *
##≈.....................*
≈≈≈.....................
≈≈......................*
.#≈.........#..........#*
##..........#####.#....
≈≈.............#.#..# , *
≈≈≈................# ,, *
##............#.@..#,, ,*
#...........###........#**
≈†≈.........###........#,*
≈≈..†........##.........
##............##........ *
#...........####........,,
≈≈≈.........# *...P.P...,
**
≈≈...........,,...P>.... ,
.#........... , , ,,


You could see 3 oklob plants.

Vanquished Creatures
  An orc warlord (Bailey)
  A manticore (D:11)
  A minotaur zombie (Gauntlet)
  2 gargoyles (D:11)
  3 komodo dragons
  2 cane toads
  A troll (D:11)
  A hornet (Lair:6)
  2 blink frogs
  A wyvern (Lair:5)
  5 yaks
  Eustachio (D:6)
  2 water moccasins (Lair:4)
  3 centaurs
  A phantom (D:7)
  A kobold brigand (D:10)
  9 bullfrogs
  A howler monkey (D:8)
  An electric eel (Lair:4)
  2 bullfrog zombies
  A gnoll shaman (D:9)
  An orc priest (D:9)
  A jelly (D:3)
  A hound (D:3)
  A bullfrog skeleton (D:6)
  5 iguanas
  3 orc wizards
  A killer bee zombie (D:6)
  A hound zombie (D:5)
  A hound skeleton (D:4)
  Robin (D:4)
  3 adders
  2 gnolls (D:9)
  A shadow imp (D:8)
  An ufetubus (D:4)
  3 dart slugs
  15 orcs
  3 endoplasms (D:4)
  A giant cockroach (D:4)
  5 hobgoblins
  6 jackals (D:5)
  3 ball pythons
  2 bats
  8 frilled lizards (Lair:4)
  2 goblins
  7 kobolds
  7 rats
127 creatures vanquished.

Vanquished Creatures (collateral kills)
  A dire elephant (Gauntlet)
  A minotaur (Gauntlet)
  A blizzard demon (Gauntlet)
  Snorg (D:10)
  2 boulder beetles
  Harold (D:7)
  5 hydras
  Erica (Lair:2)
  A merfolk avatar (Lair:6)
  A two-headed ogre (D:11)
  A harpy (Lair:6)
  A wolf spider (Lair:3)
  3 manticores
  3 black mambas
  4 elephants
  13 cane toads
  A gargoyle (D:10)
  6 rime drakes
  6 komodo dragons
  An ice devil (Gauntlet)
  A hornet (Lair:6)
  A jumping spider (Lair:3)
  4 polar bears
  4 dream sheep (Lair:5)
  14 blink frogs
  A wraith (D:11)
  A redback (Lair:3)
  8 wyverns
  A steam dragon (D:8)
  40 yaks
  A basilisk (Lair:2)
  3 wargs (D:9)
  5 water moccasins
  A swamp drake (Lair:4)
  3 black bears (Lair:1)
  An ice beast (D:5)
  2 ogres
  A necrophage (D:6)
  5 orc warriors
  A sky beast (D:7)
  11 wolves
  11 centaurs
  A kobold brigand (D:10)
  9 bullfrogs
  6 killer bees (D:10)
  A water moccasin skeleton (D:6)
  3 howler monkeys (D:8)
  3 jellies
  2 orc priests
  A bullfrog skeleton (D:6)
  A hound (D:4)
  8 iguanas
  4 hell rats (Lair:3)
  3 orc wizards
  4 gnolls
  4 adders
  An ufetubus (D:5)
  A dart slug (D:3)
  26 orcs
  A bat (D:2)
  5 endoplasms
  A giant cockroach (D:4)
  8 hobgoblins
  9 jackals
  17 kobolds
  4 quokkas
  3 ball pythons
  8 frilled lizards
  12 goblins
  5 rats
325 creatures vanquished.

Vanquished Creatures (others)
  5 eldritch tentacles
  Urug (D:10)
  A troll (D:11)
  2 yaks (D:9)
  A necrophage (D:4)
  A gnoll sergeant (D:10)
  An orc priest (D:7)
  3 orc wizards
  A gnoll (D:10)
  An orc (D:7)
  31 fungi
  88 plants
  A snaplasher vine (D:10)
137 creatures vanquished.

Grand Total: 589 creatures vanquished

Notes
Turn   | Place    | Note
-------+----------+-------------------------------------------
     0 | D:1      | jasper the Tengu Summoner began the quest for the Orb.
     0 | D:1      | Reached XP level 1. HP: 10/10 MP: 4/4
   135 | D:1      | Reached skill level 5 in Summonings
   140 | D:1      | Identified the Guide on Shifting Illusion
   435 | D:1      | Reached XP level 2. HP: 15/15 MP: 1/6
   438 | D:1      | Learned a level 2 spell: Call Imp
  1211 | D:2      | Found a shimmering altar of Xom.
  1257 | D:2      | Reached skill level 6 in Summonings
  1257 | D:2      | Reached XP level 3. HP: 8/19 MP: 1/7
  1261 | D:2      | Learned a level 3 spell: Summon Guardian Golem
  2167 | D:3      | Found Zeutyu's Assorted Antiques.
  2175 | D:3      | Bought a scroll of identify for 58 gold pieces
  2326 | D:3      | Reached XP level 4. HP: 24/24 MP: 2/8
  2691 | D:3      | Reached skill level 7 in Summonings
  3166 | D:4      | Noticed an ogre
  3168 | D:4      | Gained mutation: Your magical nature lets you fly swiftly
                  | and evasively. [Tengu growth]
  3168 | D:4      | Reached XP level 5. HP: 23/28 MP: 6/9
  3177 | D:4      | Noticed a necrophage
  3178 | D:4      | Killed an ogre
  3185 | D:4      | Killed a necrophage
  3186 | D:4      | Reached skill level 8 in Summonings
  3186 | D:4      | Reached XP level 6. HP: 21/32 MP: 1/10
  3485 | D:4      | Identified the +1 ring mail "Lineass" {Harm Regen+}
  3578 | D:4      | Found a snail-covered altar of Cheibriados.
  3578 | D:4      | Found a blossoming altar of Fedhas.
  3667 | D:4      | Identified the +0 helmet "Ylymorgh" {Str+4 Int+6}
  3667 | D:4      | Noticed Robin
  3687 | D:4      | Killed Robin
  4016 | D:4      | Reached skill level 9 in Summonings
  4506 | D:5      | Entered Level 5 of the Dungeon
  5025 | D:5      | Reached XP level 7. HP: 36/36 MP: 5/11
  5036 | D:5      | Reached skill level 10 in Summonings
  5075 | D:5      | Learned a level 4 spell: Summon Ice Beast
  6146 | D:6      | Noticed Eustachio
  6166 | D:6      | Killed Eustachio
  6293 | D:6      | You are sucked into a shaft and drop 1 floor!
  6313 | D:7      | Reached skill level 1 in Fighting
  6348 | D:7      | Noticed Harold
  6366 | D:7      | Reached XP level 8. HP: 15/43 MP: 3/12
  6936 | D:6      | Identified the +2 pair of boots of a wizard's laboratory
                  | {rF++ Int-4 Dex+4}
  7059 | D:6      | Found Ciboalos's Book Boutique.
  7166 | D:6      | Found a radiant altar of Vehumet.
  7337 | D:6      | You are sucked into a shaft and drop 3 floors!
  7507 | D:9      | Found a staircase to the Orcish Mines.
  7736 | D:9      | Learned a level 5 spell: Summon Forest
  7771 | D:9      | Found an ornate altar of the Wu Jian Council.
  7774 | D:9      | Found an iron altar of Okawaru.
  7778 | D:9      | Found a hazy altar of Hepliaklqana.
  7808 | D:9      | Found a shadowy altar of Dithmenos.
  7862 | D:7      | Reached skill level 5 in Dodging
  7862 | D:7      | Reached XP level 9. HP: 47/52 MP: 5/16
  7863 | D:7      | Reached skill level 1 in Translocations
  7893 | D:7      | Killed Harold
  8003 | D:7      | Found a staircase to the Ecumenical Temple.
  8014 | D:7      | Found a hide-covered altar of Uskayaw.
  8029 | Temple   | Entered the Ecumenical Temple
  8068 | Temple   | Became a worshipper of Ashenzari the Shackled
  8295 | D:7      | Found a transporter.
  8301 | D:7      | Found a transporter.
  8302 | D:7      | Found a bloodstained altar of Trog.
  8303 | D:7      | Noticed a moth of wrath
  8303 | D:7      | Noticed a two-headed ogre
  8391 | D:7      | Noticed Sobieck's ghost (novice DjFE)
  8764 | D:8      | Reached skill level 5 in Spellcasting
  8988 | D:8      | Found a staircase to the Lair.
  9033 | D:8      | Reached skill level 5 in Fighting
  9477 | D:8      | Found a shimmering blue altar of Sif Muna.
 10336 | D:9      | Reached * piety under Ashenzari
 10639 | D:9      | Reached XP level 10. HP: 55/60 MP: 1/19
 11261 | D:10     | Entered Level 10 of the Dungeon
 11284 | D:10     | Reached ** piety under Ashenzari
 11450 | D:10     | Found Timocket's Jewellery Shop.
 11460 | D:10     | Noticed Snorg
 11460 | D:10     | Noticed a gargoyle
 11460 | D:10     | Noticed Urug
 11466 | D:10     | Killed a gargoyle
 11469 | D:10     | Killed Urug
 11470 | D:10     | HP: 3/60 [Snorg (3)]
 11475 | D:10     | HP: 3/60 [Snorg (1)]
 11903 | D:10     | Killed Snorg
 11989 | D:10     | Reached skill level 11 in Summonings
 12585 | D:10     | Reached *** piety under Ashenzari
 13288 | D:11     | Noticed a manticore
 13289 | D:11     | Found a flagged portal.
 13289 | D:11     | Noticed a gargoyle
 13305 | D:11     | Killed a gargoyle
 13306 | D:11     | Reached skill level 1 in Shields
 13309 | D:11     | Killed a manticore
 13365 | Bailey   | Entered a bailey
 13400 | Bailey   | Noticed an orc warlord
 13401 | Bailey   | Identified a scroll of acquirement
 13401 | Bailey   | Identified the +8 trident "Zirphig" {holy, Int+6}
 13978 | Bailey   | Found a runed translucent gate.
 13980 | Bailey   | Found a runed translucent gate.
 13982 | Bailey   | Found a runed translucent gate.
 14234 | Bailey   | Killed an orc warlord
 14235 | Bailey   | Reached skill level 12 in Summonings
 14235 | Bailey   | Reached XP level 11. HP: 69/69 MP: 5/25
 14282 | Bailey   | Acquired the Catalogue of Quantum Attacks
 14284 | Bailey   | Acquired 1347 gold pieces
 14375 | Bailey   | Learned a level 7 spell: Summon Hydra
 14380 | Bailey   | Learned a level 4 spell: Passage of Golubria
 14410 | D:10     | Bought a +6 ring of intelligence for 877 gold pieces
 14659 | D:11     | Noticed a manticore
 14669 | D:11     | Killed a manticore
 15374 | D:10     | Bought an amulet of reflection for 450 gold pieces
 15536 | D:11     | Noticed a two-headed ogre
 15543 | D:11     | Killed a two-headed ogre
 15729 | D:3      | Bought a potion of curing for 87 gold pieces
 15729 | D:3      | Bought a potion of curing for 87 gold pieces
 15729 | D:3      | Bought a scroll labelled XAER YDORE for 29 gold pieces
 15729 | D:3      | Bought a pair of gloves for 130 gold pieces
 15729 | D:3      | Bought a sharpened brass wand for 116 gold pieces
 15821 | Lair:1   | Entered Level 1 of the Lair of Beasts
 15994 | Lair:1   | Identified the Volume of Companions and the Blaze
 16020 | Lair:1   | Noticed a four-headed hydra
 16028 | Lair:1   | Killed a four-headed hydra
 16241 | Lair:1   | Identified the ring "Piusaezu" {Ice *Slow rElec Int-4
                  | Stlth+}
 16844 | Lair:2   | Found a gate leading to a gauntlet.
 16850 | Gauntlet | Entered a Gauntlet
 16850 | Gauntlet | Found a transporter.
 16863 | Gauntlet | Found a transporter.
 16865 | Gauntlet | Noticed a quicksilver ooze
 16883 | Gauntlet | Found a transporter.
 16887 | Gauntlet | Found a transporter.
 16901 | Gauntlet | Identified the ring "Fyvao" {rC+ Will+ Str+7 Int-3 SInv}
 16913 | Gauntlet | Found a transporter.
 16927 | Gauntlet | Identified the ring "Haseh" {Wiz Will+ Dex+4}
 16928 | Gauntlet | Found a transporter.
 16931 | Gauntlet | Identified Laco's Tome of Burning Intoxication
 16938 | Gauntlet | Noticed a blizzard demon
 16943 | Gauntlet | Found a transporter.
 16946 | Gauntlet | Noticed a death yak
 16946 | Gauntlet | Noticed a death yak
 16946 | Gauntlet | Noticed a death yak
 16954 | Gauntlet | Noticed a necromancer
 16975 | Gauntlet | Identified the +10 trident of Jaasae {pain, *Corrode
                  | Will+++ Str+5 Dex+4}
 16979 | Gauntlet | Found a transporter.
 16979 | Gauntlet | Found a transporter.
 16986 | Gauntlet | Found a transporter.
 17009 | Gauntlet | Noticed a dire elephant
 17011 | Gauntlet | Identified the ring "Iclogh" {+Blink Will+ rCorr}
 17012 | Gauntlet | Identified the +0 hat of Indemnity {-Tele Rampage rElec
                  | Dex+7}
 17017 | Gauntlet | Found a transporter.
 17017 | Gauntlet | Found a transporter.
 17149 | Gauntlet | Killed a dire elephant
 17270 | Gauntlet | Reached skill level 1 in Armour
 17280 | Gauntlet | Killed a blizzard demon
 17430 | Gauntlet | Noticed a minotaur
 17435 | Gauntlet | Killed a minotaur
 17436 | Gauntlet | Reached skill level 13 in Summonings
 17452 | Gauntlet | Identified the +2 plate armour of Hoheps {Regen+ Str+4
                  | Int+5}
 17579 | Lair:2   | Identified the +6 arbalest of Plunder {venom, rF+ rCorr
                  | Str-4 Dex+2}
 17732 | Lair:2   | Noticed an oklob plant
 18225 | Lair:2   | Reached **** piety under Ashenzari
 18280 | Lair:2   | Noticed a boulder beetle
 18296 | Lair:2   | Killed a boulder beetle
 18560 | Lair:2   | Noticed Erica
 18567 | Lair:2   | Killed Erica
 18568 | Lair:2   | Reached XP level 12. HP: 80/80 MP: 7/28
 18576 | Lair:2   | Learned a level 7 spell: Malign Gateway
 18728 | D:3      | Bought a scroll of amnesia for 101 gold pieces
 19629 | Lair:3   | Noticed a four-headed hydra
 19636 | Lair:3   | Killed a four-headed hydra
 20253 | Lair:3   | Found a hole to the Spider Nest.
 20459 | Lair:4   | Reached skill level 14 in Summonings
 20601 | Lair:4   | Found a staircase to the Shoals.
 21232 | Lair:4   | Learned a level 6 spell: Dispersal
 21509 | Lair:4   | Reached ***** piety under Ashenzari
 22088 | Lair:5   | Reached skill level 5 in Translocations
 23017 | Lair:5   | Noticed a six-headed hydra
 23024 | Lair:5   | Killed a six-headed hydra
 23025 | Lair:5   | Reached XP level 13. HP: 88/88 MP: 11/32
 23371 | Lair:6   | Entered Level 6 of the Lair of Beasts
 23538 | D:7      | Reached ****** piety under Ashenzari
 23546 | D:7      | Learned a level 6 spell: Statue Form
 23718 | Lair:6   | Reached skill level 1 in Transmutations
 23719 | Lair:6   | Reached skill level 1 in Earth Magic
 24870 | Lair:6   | Found a staircase to the Slime Pits.
 24871 | Lair:6   | HP: 4/88 [oklob plant/splash of acid (6)]
 24871 | Lair:6   | Splashed by an oklob plant's acid

Illustrated notes

Levels and vault maps discovered:
D:1:      amcnicky_arrival_feature_with_door, layout_rooms, serial_bayou_pond_c,
          minivault_14, minmay_rat_gold_closets
D:2:      layout_loops_ring, basic_altar
D:3:      layout_basic, serial_shops, shop
D:4:      minmay_diamond_boxcup, layout_basic,
          gammafunk_temple_overflow_elements, minmay_three_crescents, uniq_robin
D:5:      layout_cave_pods, kennysheep_generic_room_15
D:6:      layout_cave_pools, overflow_temple_1_default, serial_shops, shop,
          uniq_eustachio
D:7:      layout_rooms, overflow_temple_1_default, minmay_temple_entry_trees,
          gammafunk_ghost_wrathful_warriors, uniq_harold
D:8:      layout_loops_ring, marbit_many_paths, dpeg_oklobed_lair
D:9:      layout_long_grid, grunt_temple_overflow_diamond,
          grunt_dithmenos_smoke_and_mirrors, minmay_orc_entry_guard_dogs
D:10:     layout_gridville, serial_shops, shop, minmay_door_square, uniq_snorg,
          uniq_urug
D:11:     layout_rooms, enter_bailey_6
Temple:   nicolae_temple_god_jail
Lair:1:   layout_chaotic_city
Lair:2:   layout_chaotic_city, gauntlet_entry_generic, minmay_lair_oklob_bushes,
          nzn_sisyphean_effort, grunt_megastairs_2, uniq_erica
Lair:3:   layout_loops_ring, spider_nest_entry_funnel_web, lemuel_fruit_tree
Lair:4:   lemuel_reptile_caves, layout_regular_city,
          minmay_shoals_entry_centaurs, infiniplex_staircase_pool,
          serial_bayou_shore_a
Lair:5:   layout_cave_pods, serial_bayou_shore_b, infiniplex_staircase_pool_2,
          lemuel_fruit_fields, grunt_megastairs_1
Lair:6:   gammafunk_lair_ancient_temple, layout_regular_city,
          minmay_slime_entry_oklob_open, chequers_serial_rivers_micro_e,
          chequers_serial_rivers_room_b, minmay_lair_oklob_items

Skill      XL: |  1  2  3  4  5  6  7  8  9 10 11 12 13 |
---------------+----------------------------------------+-----
Summonings     | 5 6 7 8 9 10 12 13 14 | 14.0
Ice Magic      | 3 |  3.0
Fighting       | 1 3 5 6 7 8 |  8.4
Dodging        | 5 7 9 |  9.6
Spellcasting   | 4 5 7 8 9 |  9.1
Translocations | 3 4 6 7 |  7.5
Shields        | 1 |  1.9
Armour         | 1 |  1.9
Transmutations | 3 |  3.4
Earth Magic    | 3 |  3.1
Stealth        | |  2.0

Action                   |  1- 3 |  4- 6 |  7- 9 | 10-12 | 13-15 || total
-------------------------+-------+-------+-------+-------+-------++-------
Melee: Unarmed           |     5 |       |       |       |       ||     5
       Kick              |     7 |    20 |    54 |    72 |    10 ||   163
       Club              |    26 |       |       |       |       ||    26
       Peck              |     6 |     9 |    34 |    37 |    13 ||    99
       Morningstar       |     4 |    75 |   175 |    57 |       ||   311
       Dagger            |       |       |    11 |       |       ||    11
       Trident           |       |       |       |   203 |    37 ||   240
 Cast: Summon Small Mamm |    25 |       |     3 |     2 |     3 ||    33
       Call Imp          |    32 |    58 |    16 |     4 |       ||   110
       Summon Guardian G |       |     1 |     3 |     4 |     1 ||     9
       Summon Ice Beast  |       |       |    37 |    71 |       ||   108
       Summon Forest     |       |       |     1 |     4 |       ||     5
       Summon Hydra      |       |       |       |   102 |    36 ||   138
       Malign Gateway    |       |       |       |     2 |     3 ||     5
Invok: Curse Item        |       |       |     2 |     9 |     1 ||    12
       Shatter the Chain |       |       |       |     3 |     1 ||     4
Evoke: Wand              |     1 |       |     7 |     5 |       ||    13
  Use: Scroll            |     7 |     5 |     6 |     7 |       ||    25
       Potion            |       |       |     1 |     4 |       ||     5
 Stab: Sleeping          |     5 |     2 |     1 |     1 |       ||     9
       Distracted        |     1 |       |     1 |     6 |       ||     8
Armor: Leather armour    |    11 |    15 |     6 |    38 |       ||    70
       Animal skin       |       |    22 |   135 |       |       ||   157
       Troll leather arm |       |       |       |    25 |    11 ||    36
Dodge: Dodged            |    29 |    75 |   349 |   326 |    21 ||   800
Block: Buckler           |       |       |       |   125 |    24 ||   149
       Reflection        |       |       |       |     1 |     2 ||     3

Table legend: (Time is in decaauts)
 A = Elapsed time spent in this place.
 B = Non-inter-level travel time spent in this place.
 C = Inter-level travel time spent in this place.
 D = Time resting spent in this place.
 E = Time spent auto-exploring this place.
 F = Levels seen in this place.
 G = Mean time per level.
                   A        B        C        D        E       F      G
               +--------+--------+--------+--------+--------+-----+--------+
         Total |  24148 |  22921 |   1227 |   3118 |  15868 |  20 | 1207.4 |
       Dungeon |  14614 |  13738 |    876 |   1843 |   9768 |  11 | 1328.5 |
        Temple |     53 |     42 |     11 |      0 |     37 |   1 |   53.0 |
          Lair |   7847 |   7508 |    339 |    347 |   5870 |   6 | 1307.8 |
        Bailey |   1005 |   1005 |      0 |    663 |     11 |   1 | 1005.0 |
      Gauntlet |    627 |    627 |      0 |    265 |    180 |   1 |  627.0 |
               +--------+--------+--------+--------+--------+-----+--------+

Top non-repeatable levels by time:
     D:9: 2056 daAuts
    D:10: 1870 daAuts
  Lair:4: 1629 daAuts
  Lair:2: 1616 daAuts
     D:5: 1557 daAuts
     D:4: 1554 daAuts
    D:11: 1380 daAuts
  Lair:5: 1320 daAuts
     D:8: 1240 daAuts
  Lair:6: 1202 daAuts
     D:6: 1159 daAuts
     D:2: 1128 daAuts
  Lair:3: 1099 daAuts
     D:1: 1036 daAuts
  Bailey: 1005 daAuts
